 Dungeon Crawl Stone Soup version 0.26-a0-466-g989023bd0d (webtiles) character file.

Game seed: 6674839521679911580

61 1player the Shield-Bearer (level 4, 35/35 HPs)
             Began as a Formicid Fighter on Aug 7, 2020.
             Quit the game on level 3 of the Dungeon.
             The game lasted 00:02:51 (1951 turns).

1player the Shield-Bearer (Formicid Fighter)        Turns: 1951, Time: 00:02:52

Health: 35/35      AC:  8    Str: 22    XL:     4   Next: 27%
Magic:  4/4        EV: 12    Int:  7    God:
Gold:   75         SH: 10    Dex: 10    Spells: 3/3 levels left

rFire    . . .     SeeInvis +   a - +0 flail
rCold    . . .     Faith    .   c - +0 kite shield
rNeg     + . .     Spirit   .   b - +0 scale mail
rPois    .         Reflect  .   (helmet unavailable)
rElec    .         Harm     .   (no cloak)
rCorr    .                      l - +0 pair of gloves
MR       .....                  (no boots)
Stlth    ..........             (no amulet)
HPRegen  0.11/turn              q - ring of positive energy
MPRegen  0.09/turn              n - +4 ring of evasion

@: no status effects
A: permanent stasis, dig shafts and tunnels, four strong arms, antennae 3
a: Dig, Shaft Self


You were on level 3 of the Dungeon.
You visited 1 branch of the dungeon, and saw 3 of its levels.

You collected 75 gold pieces.

Inventory:

Hand Weapons
 a - a +0 flail (weapon)
Armour
 b - a +0 scale mail (worn)
 c - a +0 kite shield (worn)
 l - a +0 pair of gloves (worn)
Jewellery
 n - a +4 ring of evasion (right hand)
 q - a ring of positive energy (left hand)
Scrolls
 e - a scroll of fog {unknown}
 g - a scroll of enchant armour {unknown}
 h - a scroll of remove curse {@r2}
 j - a scroll of magic mapping {unknown}
 k - a scroll of immolation {unknown}
 o - a scroll of noise {unknown}
 r - a scroll of fear {unknown}
Potions
 d - 2 potions of might
 f - 3 potions of curing {unknown}
 i - a potion of haste {unknown}
 m - a potion of brilliance {unknown}
 p - a potion of degeneration {unknown}


   Skills:
 - Level 3.2 Fighting
 - Level 2.0 Maces & Flails
 - Level 3.2 Armour
 + Level 5.8 Shields


You had 3 spell levels left.
You didn't know any spells.
Your spell library was empty.

Dungeon Overview and Level Annotations

Branches:
Dungeon (3/15)

Altars:
Trog


Innate Abilities, Weirdness & Mutations

You cannot be hasted, slowed, berserked, paralysed or teleported.
You can dig through walls and to a lower floor.
Your four strong arms can wield two-handed weapons with a shield.
You have a pair of large antennae on your head. (SInv)


Message History

You kill the rat!
No target in view!
No target in view!
There is a stone staircase leading up here.
As you read the scroll labeled ROTOGHICIRR, it crumbles to dust.
You feel blessed for a moment.
It was a scroll of remove curse.
q - a ring of positive energy (left hand)
n - a +4 ring of evasion (right hand)
Found a scroll labeled TAMESO ETIX.
You see here a robe.
Unknown command.
There is a stone staircase leading up here.
f - 3 viscous green potions (gained 2) Welcome back, 1player the Formicid Fighter.
Press ? for a list of commands and other information.
Are you sure you want to abandon this character and quit the game? (Confirm with "yes".)
Okay, then.
Unknown command.
Unknown command.
Are you sure you want to abandon this character and quit the game? (Confirm with "yes".)

?....#...........#
.....#...........#
.................#
.................###
........<...........
.......[............
....................
....................
............@.......
..................##
...)..............#
.........#######....
.......... ...
...... .. .... .


There were no monsters in sight!

Vanquished Creatures
  2 adders (D:2)
  A worm (D:2)
  A leopard gecko (D:1)
  A ball python (D:1)
  6 bats
  4 giant cockroaches
  5 goblins
  6 hobgoblins
  2 kobolds (D:1)
  A quokka (D:2)
  2 frilled lizards (D:2)
  5 rats
36 creatures vanquished.

Notes
Turn   | Place    | Note
-------+----------+-------------------------------------------
     0 | D:1      | 1player the Formicid Fighter began the quest for the Orb.
     0 | D:1      | Reached XP level 1. HP: 18/18 MP: 1/1
   103 | D:1      | Reached skill level 4 in Shields
   237 | D:1      | Reached XP level 2. HP: 24/24 MP: 2/2
   608 | D:1      | Reached XP level 3. HP: 29/29 MP: 3/3
   951 | D:2      | Found a bloodstained altar of Trog.
   956 | D:2      | Reached skill level 5 in Shields
  1526 | D:2      | Reached XP level 4. HP: 31/35 MP: 4/4
  1951 | D:3      | Quit the game

Illustrated notes

Levels and vault maps discovered:
D:1:      dpeg_arrival_prison, layout_basic
D:2:      layout_loops_ring, bloody_trog
D:3:      minmay_roachtagon, layout_basic, nicolae_ru_awakened_eye

Skill      XL: |  1  2  3 |
---------------+----------+-----
Shields        | 4 5 |  5.8
Fighting       | |  3.2
Maces & Flails | |  2.0
Armour         | |  3.2

Action                   |  1- 3 |  4- 6 || total
-------------------------+-------+-------++-------
Melee: Flail             |   109 |    14 ||   123
 Abil: Dig               |     1 |       ||     1
  Use: Scroll            |       |     1 ||     1
Armor: Scale mail        |    48 |     5 ||    53
Dodge: Dodged            |    46 |     4 ||    50
Block: Kite shield       |    54 |     9 ||    63

Table legend: (Time is in decaauts)
 A = Elapsed time spent in this place.
 B = Non-inter-level travel time spent in this place.
 C = Inter-level travel time spent in this place.
 D = Time resting spent in this place.
 E = Time spent auto-exploring this place.
 F = Levels seen in this place.
 G = Mean time per level.
                   A        B        C        D        E       F      G
               +--------+--------+--------+--------+--------+-----+--------+
         Total |   1993 |   1905 |     88 |    296 |   1193 |   3 |  664.3 |
       Dungeon |   1993 |   1905 |     88 |    296 |   1193 |   3 |  664.3 |
               +--------+--------+--------+--------+--------+-----+--------+

Top non-repeatable levels by time:
     D:2: 1005 daAuts
     D:1: 965 daAuts
     D:3: 23 daAuts
